 Dungeon Crawl Stone Soup version 0.29.1-15-g9cfb28693d (webtiles) character file.

Game seed: 13865986650453320749

201761 tbole the Wrestler (level 18, -5/210 (211) HPs)
             Began as a Black Draconian Fighter on Apr 14, 2023.
             Was a Priest of Fedhas.
             Slain by an iron troll (13 damage)
             ... on level 4 of the Depths.
             The game lasted 04:33:20 (51178 turns).

tbole the Wrestler (Black Draconian Fighter)       Turns: 51178, Time: 04:33:27

HP:   -5/210 (211)  AC: 32    Str: 29    XL:     18   Next: 31%
MP:   21/22         EV:  2    Int:  9    God:    Fedhas [***...]
Gold: 996           SH: 19    Dex: 20    Spells: 17/17 levels left

rFire   . . .      SeeInvis .     - Unarmed
rCold   . . .      Faith    .   Q - +4 kite shield {AC+3}
rNeg    . . .      Spirit   .   (body armour unavailable)
rPois   +          Reflect  .   (helmet currently unavailable)
rElec   .          Harm     .   (cloak currently unavailable)
rCorr   .          Rampage  .   (gloves currently unavailable)
Will    +....      Rage     3%  (boots currently unavailable)
Stlth   ++........ NoTele   +   K - amulet of regeneration
HPRegen 1.25/turn               p - +6 ring of strength
MPRegen 0.18/turn               E - +6 ring of dexterity

@: tree-form, lightly drained
A: stationary, stasis, torment immunity, boosted hp, (breathe lightning), AC
+10, unfitting armour, (big wings), (electricity resistance), (cold-blooded),
berserk 1, (fire resistance 2)
a: Renounce Religion, Wall of Briars, Grow Ballistomycete


You were on level 4 of the Depths.
You worshipped Fedhas.
Fedhas was most pleased with you.
You were a tree.
You visited 7 branches of the dungeon, and saw 33 of its levels.

You collected 2950 gold pieces.
You spent 1954 gold pieces at shops.

Inventory:

Missiles
 m - 5 throwing nets (quivered)
Armour
 a - a +0 buckler
 c - a +4 kite shield
 e - a +2 pair of gloves (melded)
 k - a +2 pair of boots (melded)
 l - a +2 cloak (melded)
 q - a +2 hat (melded)
 M - a +1 cloak
 Q - a +4 kite shield of protection (worn)
 S - a +2 buckler
Jewellery
 d - a +4 ring of protection
 o - a ring of willpower
 p - a +6 ring of strength (left branch)
 z - a ring of protection from fire
 C - a ring of protection from cold
 D - a ring of flight
 E - a +6 ring of dexterity (right branch)
 G - a +4 ring of slaying
 K - an amulet of regeneration (around neck)
 L - a ring of positive energy
 N - a ring of magical power
 O - a ring of fire
 R - an amulet of magic regeneration
 T - an amulet of reflection
 V - a ring of protection from cold
Wands
 b - a wand of polymorph (11)
 j - a wand of flame (38)
 n - a wand of paralysis (23)
 r - a wand of roots (19)
 s - a wand of quicksilver (2)
 F - a wand of digging (6)
Scrolls
 f - 5 scrolls of immolation
 h - 24 scrolls of identify
 u - 3 scrolls of magic mapping
 w - 8 scrolls of teleportation
 y - 4 scrolls of enchant weapon
 B - 4 scrolls of amnesia
 J - 3 scrolls of fog
 P - 2 scrolls of brand weapon
Potions
 g - 6 potions of curing
 i - 6 potions of attraction
 t - 4 potions of flight
 v - 5 potions of brilliance
 x - 3 potions of magic
 A - 4 potions of might
 H - 4 potions of mutation
 I - 3 potions of haste


   Skills:
 - Level 8.0 Fighting
 + Level 14.4 Dodging
 - Level 1.0 Stealth
 + Level 15.8 Shields
 + Level 24.1 Unarmed Combat
 + Level 6.0 Invocations
 + Level 1.2 Evocations


You had 17 spell levels left.
You didn't know any spells.
Your spell library contained the following spells:

 Spells                   Type           Power      Damage    Failure   Level
 Apportation              Tloc           0%         N/A       56%         1
 Foxfire                  Conj/Fire      0%         2x1d4     56%         1
 Freeze                   Ice            0%         1d3       56%         1
 Magic Dart               Conj           0%         1d3       56%         1
 Necrotise                Necr           0%         1d4       56%         1
 Summon Small Mammal      Summ           0%         N/A       56%         1
 Call Imp                 Summ           0%         N/A       71%         2
 Ensorcelled Hibernation  Hex/Ice        0%         N/A       71%         2
 Passwall                 Tmut/Erth      0%         N/A       71%         2
 Scorch                   Fire           0%         2d5       71%         2
 Sublimation of Blood     Necr           0%         N/A       71%         2
 Call Canine Familiar     Summ           0%         N/A       90%         3
 Frozen Ramparts          Ice            0%         1d1       90%         3
 Ignite Poison            Fire/Tmut/Pois 0%         N/A       90%         3
 Inner Flame              Hex/Fire       0%         N/A       90%         3
 Mephitic Cloud           Conj/Pois/Air  0%         N/A       90%         3
 Portal Projectile        Hex/Tloc       0%         N/A       90%         3
 Spider Form              Tmut/Pois      0%         N/A       90%         3
 Swiftness                Air            0%         N/A       90%         3
 Tukima's Dance           Hex            0%         N/A       90%         3
 Airstrike                Air            0%         2d(0-16)  100%        4
 Anguish                  Hex/Necr       0%         N/A       100%        4
 Cause Fear               Hex            0%         N/A       100%        4
 Corpse Rot               Necr/Pois/Air  0%         N/A       100%        4
 Hailstorm                Conj/Ice       0%         3d3       100%        4
 Leda's Liquefaction      Hex/Erth       0%         N/A       100%        4
 Passage of Golubria      Tloc           0%         N/A       100%        4
 Summon Lightning Spire   Summ/Air       0%         N/A       100%        4
 Blade Hands              Tmut           0%         N/A       100%        5
 Freezing Cloud           Conj/Ice/Air   0%         6-21      100%        5
 Lightning Bolt           Conj/Air       0%         1d11      100%        5
 Silence                  Hex/Air        0%         N/A       100%        5
 Dispersal                Tloc           0%         N/A       100%        6
 Enfeeble                 Hex            0%         N/A       100%        7
 Spellforged Servitor     Conj/Summ      0%         N/A       100%        7
 Borgnjor's Revivificati  Necr           0%         N/A       100%        8
 Discord                  Hex            0%         N/A       100%        8
 Disjunction              Tloc           0%         N/A       100%        8
 Lehudib's Crystal Spear  Conj/Erth      0%         10d2      100%        8
 Summon Horrible Things   Summ           0%         N/A       100%        8


Dungeon Overview and Level Annotations

Branches:
Dungeon (15/15)            Temple (1/1) D:6            Lair (5/5) D:8
 Shoals (4/4) Lair:2        Snake (0/4) Lair:2        Slime (0/5) Lair:5
    Orc (2/2) D:11            Elf (2/3) Orc:2        Vaults (0/5) D:14
 Depths (4/4) D:15
    Zot: Depths:4

Altars:
Ashenzari
Cheibriados
Dithmenos
Elyvilon
Fedhas
Gozag
Hepliaklqana
Kikubaaqudgha
Makhleb
Nemelex Xobeh
Okawaru
Qazlal
Ru
Sif Muna
Trog
Uskayaw
Vehumet
Wu Jian
Xom
Yredelemnul
Zin
The Shining One
Jiyva

Shops:
D:4 **   D:14 ?   D:15 (   Orc:2 *[=   Depths:1 =::   Depths:2 !**

Portals:
Hell: Depths:1 Depths:2 Depths:3
Abyss: Depths:3
Pandemonium: Depths:2
Ziggurat: Depths:2

Annotations:
Orc:1 2 transporters
Depths:1 3 runed translucent doors, Luocamn's ghost, adept TrMo; Vulomepn's ghost, adept HOBe


Innate Abilities, Weirdness & Mutations

You are a tree.
Your roots penetrate the ground, keeping you stationary.
You cannot be teleported.
You are immune to unholy pain and torment.
Your maximum health is greatly increased.
Your equipment is partially melded.
((You can breathe wild blasts of lightning.))
((Your glossy black scales are hard. (AC +10)))
You cannot fit into any form of body armour.
((Your large and strong wings let you fly.))
((You are resistant to electric shocks. (rElec)))
((You are cold-blooded and may be slowed by cold attacks.))
You sometimes lose your temper in combat.
((Your flesh is very heat resistant. (rF++)))


Message History

The deep troll shaman claws you!
* * * LOW HITPOINT WARNING * * *
The deep troll shaman claws you but does no damage.
The tentacled monstrosity is struck by your briar patch's thorns.
The tentacled monstrosity tentacle-slaps your briar patch!
The tentacled monstrosity tentacle-slaps your briar patch. x2
The smoke demon hits you.
* * * LOW HITPOINT WARNING * * *
The smoke demon barely misses you.
The smoke demon hits you but does no damage.
You can move again.
As you read the scroll of fear, it crumbles to dust.
You assume a fearsome visage.
The smoke demon looks frightened!
The deep troll shaman looks frightened!
The iron troll resists with almost no effort. x2
The floating eye looks frightened!
The tentacled monstrosity resists with almost no effort.
You block the iron troll's attack. The iron troll closely misses you.
The iron troll claws you.
* * * LOW HITPOINT WARNING * * *
The iron troll bites your briar patch but does no damage.
The iron troll claws your briar patch!
Your briar patch is destroyed!
Your briar patch disappears in a puff of smoke!
Okay, then.
You feel better. You block the iron troll's attack.
The iron troll closely misses you. You block the iron troll's attack.
The tentacled monstrosity tentacle-slaps you but does no damage.
The tentacled monstrosity tentacle-slaps you.
* * * LOW HITPOINT WARNING * * *
The tentacled monstrosity tentacle-slaps you.
* * * LOW HITPOINT WARNING * * *
You block the tentacled monstrosity's attack.
You turn into a tree.
Your +2 cloak melds into your body.
Your +2 hat melds into your body.
Your +2 pair of gloves melds into your body.
Your +2 pair of boots melds into your body.
Your roots penetrate the ground.
The iron troll bites you!
You die...
Fedhas appreciates your contribution to the ecosystem.

#....... #....... #####
#####...... #...#
#...##....#####
#...###...#.....#.<.#
#....##..T....)3....#...
#........................
#........................
#..........P♣P....###+###
#..........XTP....#
#..........T†.....#
#.................# ..
####...........^..# ..
.........G.....# ..
#...............# .)
................# ..
..(..../.........# ..


You could see a tentacled monstrosity, 2 iron trolls, a deep troll shaman
(fleeing, ally target), a smoke demon (fleeing) and a floating eye (fleeing).

Vanquished Creatures
  Rupert (D:13)
  A deep elf blademaster (Elf:2)
  A lich (Depths:3)
  A walking frostbound tome (Depths:3)
  Kirke (D:14)
  2 tengu reavers (Depths:2)
  2 shadow dragons
  7 fire giants
  2 frost giants
  3 very ugly things
  6 stone giants
  A vampire knight (Depths:4)
  7 spark wasps
  A merfolk javelineer (Shoals:2)
  A deep elf death mage (Elf:1)
  4 ettins
  3 merfolk impalers (Shoals:3)
  6 fire dragons
  A green death (Depths:2)
  3 vault guards (D:14)
  3 ice dragons
  A boulder beetle (Lair:5)
  The ghost of nalyd1 the Fighter, a journeyman BaHu of Hepliaklqana (D:9)
  3 centaur warriors
  6 hydras
  4 merfolk avatars
  A spriggan air mage (Depths:3)
  4 merfolk aquamancers
  A satyr (Shoals:3)
  6 tengu warriors
  27 dancing weapons
  7 deep troll shamans
  2 two-headed ogres
  3 deep troll earth magi (Depths:2)
  9 death yaks (Lair:5)
  2 orc high priests (Orc:2)
  A shock serpent (shapeshifter) (Depths:1)
  2 spriggan berserkers (Depths:3)
  Urug (D:13)
  A soul eater (Depths:2)
  A sun demon (Depths:1)
  8 deep elf knights
  A spriggan (Depths:3)
  Sonja (D:12)
  2 iron trolls
  3 hell knights (Depths:3)
  2 sixfirhies
  7 deep trolls
  A flayed ghost (Depths:1)
  3 glowing orange brains
  9 sea snakes
  An orb spider (shapeshifter) (D:15)
  5 deep elf archers
  A wizard (D:14)
  13 harpies
  Pikel (D:5)
  A lindwurm (Lair:5)
  4 orc knights
  14 deep elf pyromancers
  15 deep elf zephyrmancers
  2 necromancers (Depths:3)
  6 ugly things
  9 orc sorcerers
  11 cyclopes
  A faun (shapeshifter) (Depths:1)
  10 manticores
  8 fauns
  2 salamanders (Depths:2)
  A guardian serpent (shapeshifter) (D:15)
  8 merfolk sirens
  3 spectral centaurs (D:9)
  6 elephants (Lair:4)
  A black mamba (shapeshifter) (D:14)
  10 black mambas
  7 molten gargoyles
  A torpor snail (Lair:5)
  The ghost of Seidenschwarz the Thaumaturge, a novice DECj of Vehumet (D:6)
  2 water nymphs (Shoals:3)
  A smoke demon (Depths:4)
  10 cane toads
  Maggie (D:7)
  4 rime drakes
  2 kobold demonologists (D:11)
  11 komodo dragons
  A tengu conjurer (D:15)
  2 ice devils (Orc:1)
  3 trolls
  3 meliai (D:14)
  A queen bee (shapeshifter) (Depths:1)
  21 merfolk
  2 hornets
  6 wind drakes
  Grinder (D:3)
  5 snapping turtles
  13 blink frogs
  5 dream sheep (Shoals:3)
  17 slime creatures
  18 water elementals
  A shadow (D:13)
  2 centaur simulacra
  2 air elementals (Elf:2)
  5 large abominations (Elf:1)
  8 wyverns
  27 yaks
  3 fire bats (Depths:2)
  2 hogs (D:14)
  A human (D:14)
  2 chaos spawn
  3 basilisks
  6 steam dragons
  5 vampire mosquitoes
  Menkaure (D:7)
  3 wargs
  2 nagas (Lair:2)
  2 acid dragons
  11 water moccasins
  A floating eye (Depths:3)
  28 orc warriors
  Pargi (D:4)
  3 hell hounds (Lair:5)
  A sky beast (D:8)
  2 ice beasts
  3 black bears
  5 ogres
  16 wolves
  10 centaurs
  A lemure (D:5)
  5 kobold brigands
  Blork the orc (D:4)
  3 elf zombies (Elf:1)
  A necrophage (D:6)
  2 gnoll sergeants
  14 bullfrogs
  3 earth elementals
  A scorpion (D:7)
  16 wights
  11 killer bees
  14 howler monkeys
  An electric eel (Lair:4)
  5 lava snakes (Lair:5)
  A quasit (D:6)
  A hound (D:4)
  2 jellies
  Crazy Yiuf (D:3)
  A gnoll bouda (D:9)
  26 orc priests
  4 iguanas
  Natasha (thrice) (D:3)
  40 orc wizards
  A boggart simulacrum (D:9)
  14 gnolls
  3 adders
  A shadow imp (D:6)
  A white imp (D:8)
  An ufetubus (D:4)
  A worm (D:3)
  A dart slug (D:1)
  83 orcs
  8 endoplasms
  3 giant cockroaches
  6 goblins
  5 hobgoblins
  18 kobolds
  3 quokkas (D:1)
  6 ball pythons
  8 bats
  A frilled lizard (D:2)
  7 rats
  A spectral kobold (D:3)
  A ballistomycete spore (Shoals:3)
  A fire vortex (Depths:2)
935 creatures vanquished.

Vanquished Creatures (collateral kills)
  A catoblepas (Lair:3)
  A dancing weapon (Elf:2)
  A deep elf zephyrmancer (Elf:2)
  A deep elf pyromancer (Elf:2)
  A harpy (Shoals:2)
  A rime drake (Shoals:1)
  A wind drake (Shoals:3)
  A yak (Lair:5)
  A wolf (Lair:1)
  A bullfrog (D:8)
  2 killer bees (D:10)
  4 quasits (D:6)
  An orc priest (Orc:1)
  13 orcs
  21 ballistomycete spores
51 creatures vanquished.

Vanquished Creatures (others)
  A fire giant (D:15)
  A deep troll earth mage (Depths:3)
  4 deep elf knights (Elf:2)
  A deep elf pyromancer (Elf:2)
  A faun (Shoals:3)
  A human (D:14)
  An orc warrior (D:14)
  An orc priest (Orc:2)
  An orc wizard (Orc:2)
  2 gnolls
  An orc (Orc:2)
  2 ballistomycete spores
  34 fungi
  94 plants
  6 withered plants (Depths:1)
151 creatures vanquished.

Grand Total: 1137 creatures vanquished

Notes
Turn   | Place    | Note
-------+----------+-------------------------------------------
     0 | D:1      | tbole the Draconian Fighter began the quest for the Orb.
     0 | D:1      | Reached XP level 1. HP: 19/19 MP: 1/1
   229 | D:1      | Reached XP level 2. HP: 26/26 MP: 2/2
  1230 | D:2      | Reached XP level 3. HP: 33/33 MP: 3/3
  1233 | D:2      | Gained mutation: Your tail ends in a venomous barb. [potion
                  | of mutation]
  1233 | D:2      | Gained mutation: Your spells are a little harder to cast,
                  | but a little more powerful. [potion of mutation]
  1233 | D:2      | Gained mutation: You are agile. (Dex +4, Str/Int -1)
                  | [potion of mutation]
  1331 | D:2      | Found Gydujumour's Armour Emporium.
  1849 | D:3      | Noticed Grinder
  1860 | D:3      | Killed Grinder
  1861 | D:3      | Reached skill level 4 in Unarmed Combat
  1861 | D:3      | Reached XP level 4. HP: 40/40 MP: 4/4
  1861 | D:3      | Reached XP level 5. HP: 46/46 MP: 5/5
  2092 | D:3      | Found a faded altar of an unknown god.
  2164 | D:3      | Reached XP level 6. HP: 48/52 MP: 6/6
  2335 | D:3      | Found a white marble altar of Elyvilon.
  2336 | D:3      | Found a blossoming altar of Fedhas.
  2343 | D:3      | Became a worshipper of Fedhas Madash
  2367 | D:4      | Noticed Blork the orc
  2374 | D:4      | Killed Blork the orc
  2465 | D:4      | Found Vycahec's General Store.
  2480 | D:4      | Bought a +0 pair of gloves for 45 gold pieces
  2562 | D:4      | Reached skill level 5 in Unarmed Combat
  2626 | D:4      | Noticed Pargi
  2631 | D:4      | Killed Pargi
  2812 | D:4      | Found a burning altar of Makhleb.
  2812 | D:4      | Noticed an Executioner
  3068 | D:4      | Your scales start taking on a glossy black colour.
  3068 | D:4      | Reached XP level 7. HP: 56/58 MP: 7/7
  3068 | D:4      | Gained mutation: You are resistant to electric shocks.
                  | (rElec) [Black Draconian growth]
  3444 | D:4      | Found Zin's Purification Station.
  3447 | D:4      | Found a glowing silver altar of Zin.
  3477 | D:4      | Got Xoobrulim's Grimoire of the Blazing Comitatus
  3517 | D:4      | Reached * piety under Fedhas
  4039 | D:3      | Noticed Natasha
  4044 | D:3      | Killed Natasha
  4045 | D:3      | Reached skill level 6 in Unarmed Combat
  4086 | D:3      | Found an ancient bone altar of Kikubaaqudgha.
  4086 | D:3      | Found an opulent altar of Gozag.
  4253 | D:3      | Noticed Natasha
  4267 | D:3      | Killed Natasha
  4297 | D:3      | Found a runed translucent door.
  4300 | D:3      | Noticed Crazy Yiuf
  4307 | D:3      | Killed Crazy Yiuf
  4601 | D:3      | Noticed Natasha
  4615 | D:3      | Killed Natasha
  4747 | D:5      | Entered Level 5 of the Dungeon
  4860 | D:5      | Noticed Pikel
  4883 | D:5      | Killed Pikel
  4884 | D:5      | Reached skill level 5 in Shields
  4884 | D:5      | Reached skill level 7 in Unarmed Combat
  4884 | D:5      | Reached XP level 8. HP: 55/66 MP: 8/8
  4978 | D:5      | Reached skill level 8 in Unarmed Combat
  5045 | D:5      | Identified the +2 ring mail of the Ethereal God {rF+ rN+
                  | SInv}
  5441 | D:6      | Found a transporter.
  5442 | D:6      | Noticed Seidenschwarz's ghost (novice DECj)
  5655 | D:6      | Found a transporter.
  5723 | D:6      | Reached ** piety under Fedhas
  5778 | D:6      | Found a staircase to the Ecumenical Temple.
  5786 | Temple   | Entered the Ecumenical Temple
  5853 | D:6      | Reached skill level 5 in Dodging
  5946 | D:6      | Reached skill level 9 in Unarmed Combat
  6386 | D:6      | Reached XP level 9. HP: 70/72 MP: 9/9
  6826 | D:7      | Reached *** piety under Fedhas
  6827 | D:7      | Reached skill level 10 in Unarmed Combat
  6915 | D:7      | Noticed Menkaure
  7233 | D:7      | Noticed Maggie
  7260 | D:7      | Killed Maggie
  7726 | D:7      | Killed Menkaure
  7727 | D:7      | Reached skill level 11 in Unarmed Combat
  8002 | D:7      | Found an iron altar of Okawaru.
  8509 | D:8      | Reached XP level 10. HP: 51/78 MP: 10/10
  8693 | D:8      | Found a shimmering blue altar of Sif Muna.
  8855 | D:8      | Reached **** piety under Fedhas
  9120 | D:8      | Reached skill level 12 in Unarmed Combat
  9144 | D:8      | Noticed a centaur warrior
  9151 | D:8      | Noticed a deep elf pyromancer
  9159 | D:8      | Killed a centaur warrior
  9205 | D:8      | Killed a deep elf pyromancer
  9346 | D:8      | Found a staircase to the Lair.
  9403 | D:8      | Reached skill level 5 in Fighting
  9606 | D:8      | Noticed a cyclops
  9620 | D:8      | Killed a cyclops
  9821 | Lair:1   | Entered Level 1 of the Lair of Beasts
  9838 | Lair:1   | Reached skill level 13 in Unarmed Combat
  9838 | Lair:1   | Reached XP level 11. HP: 88/88 MP: 11/11
  9860 | Lair:1   | You fall into a shaft and drop 1 floor!
 10203 | Lair:2   | Found a staircase to the Snake Pit.
 10497 | Lair:2   | Reached skill level 1 in Invocations
 11087 | Lair:2   | Found a staircase to the Shoals.
 11096 | Lair:2   | Noticed a six-headed hydra
 11113 | Lair:2   | Killed a six-headed hydra
 11139 | Lair:2   | Reached skill level 14 in Unarmed Combat
 11997 | Lair:3   | Noticed a catoblepas
 12005 | Lair:3   | Killed a catoblepas
 12465 | Lair:1   | Reached XP level 12. HP: 95/95 MP: 13/13
 12546 | Lair:1   | Noticed an eight-headed hydra
 12557 | Lair:1   | Killed an eight-headed hydra
 13000 | Lair:1   | Reached skill level 15 in Unarmed Combat
 14761 | Lair:3   | Lost mutation: You are agile. (Dex +4, Str/Int -1) [potion
                  | of mutation]
 14761 | Lair:3   | Lost mutation: Your tail ends in a venomous barb. [potion
                  | of mutation]
 14761 | Lair:3   | Gained mutation: Your body sometimes deteriorates upon
                  | taking damage. [potion of mutation]
 14761 | Lair:3   | Gained mutation: You are clumsy. (Dex -2) [potion of
                  | mutation]
 15087 | Lair:4   | Lost mutation: You are clumsy. (Dex -2) [potion of
                  | mutation]
 15087 | Lair:4   | Lost mutation: Your spells are a little harder to cast, but
                  | a little more powerful. [potion of mutation]
 15087 | Lair:4   | Gained mutation: You have a pair of small antennae on your
                  | head. [potion of mutation]
 15087 | Lair:4   | Gained mutation: Your tail ends in a venomous barb. [potion
                  | of mutation]
 15087 | Lair:4   | Gained mutation: You have sharp fingernails. [potion of
                  | mutation]
 15202 | Lair:4   | Reached skill level 16 in Unarmed Combat
 15255 | Lair:4   | Reached skill level 10 in Shields
 15865 | Lair:4   | Found a glowing silver altar of Zin.
 16663 | Lair:5   | Entered Level 5 of the Lair of Beasts
 16810 | Lair:5   | Reached skill level 10 in Dodging
 17108 | Lair:5   | Noticed a boulder beetle
 17123 | Lair:5   | Killed a boulder beetle
 17124 | Lair:5   | Reached XP level 13. HP: 93/102 MP: 11/14
 17564 | Lair:5   | Reached skill level 17 in Unarmed Combat
 17690 | Lair:5   | Identified the +2 dagger of Brutal Revenge {venom, rElec
                  | rF++ Str+6}
 17987 | Lair:5   | Identified the +10 mace of the Throat {venom, rF- Str+2
                  | Dex+4}
 18616 | Lair:5   | Found a staircase to the Slime Pits.
 18617 | Lair:5   | Found a viscous altar of Jiyva.
 19665 | D:6      | Killed Seidenschwarz's ghost
 19848 | D:9      | Found a sacrificial altar of Ru.
 19917 | D:9      | Identified the +11 trident of Flawed Execution {drain,
                  | +Blink Stlth+}
 19934 | D:9      | Found a runed translucent gate.
 19934 | D:9      | Found a runed translucent gate.
 19935 | D:9      | Found a runed translucent gate.
 19944 | D:9      | Noticed nalyd1's ghost (journeyman BaHu)
 20414 | D:10     | Entered Level 10 of the Dungeon
 20518 | D:10     | Reached skill level 18 in Unarmed Combat
 20631 | D:10     | Lost mutation: Your tail ends in a venomous barb. [potion
                  | of mutation]
 20631 | D:10     | Lost mutation: You have a pair of small antennae on your
                  | head. [potion of mutation]
 20631 | D:10     | Lost mutation: You have sharp fingernails. [potion of
                  | mutation]
 20631 | D:10     | Gained mutation: Your spells are a little easier to cast,
                  | but a little less powerful. [potion of mutation]
 20631 | D:10     | Gained mutation: Your flesh is cold resistant. (rC+)
                  | [potion of mutation]
 20631 | D:10     | Gained mutation: You sometimes lose your temper in combat.
                  | [potion of mutation]
 20631 | D:10     | Gained mutation: Your flesh is heat resistant. (rF+)
                  | [potion of mutation]
 20865 | D:10     | Reached ***** piety under Fedhas
 21525 | D:11     | Found a staircase to the Orcish Mines.
 21829 | D:11     | Found the +7 staff of the Meek {protect, meekguard}
 21839 | D:11     | Gained mutation: Your large and strong wings let you fly.
                  | [Black Draconian growth]
 21839 | D:11     | Reached XP level 14. HP: 101/111 MP: 15/15
 22057 | D:12     | Noticed Sonja
 22065 | D:12     | Killed Sonja
 23015 | D:12     | Identified the +11 falchion of Mastery {venom, rElec rPois}
 23117 | D:13     | Noticed Urug
 23142 | D:13     | Killed Urug
 23416 | Orc:1    | Entered Level 1 of the Orcish Mines
 23594 | Orc:1    | Found a frozen archway.
 23686 | Orc:2    | Entered Level 2 of the Orcish Mines
 24954 | D:9      | Killed nalyd1's ghost
 25453 | Lair:5   | Found a large runed translucent door.
 25454 | Lair:5   | Found a large runed translucent door.
 25512 | Lair:5   | Reached skill level 19 in Unarmed Combat
 26578 | Shoals:1 | Entered Level 1 of the Shoals
 29448 | Shoals:2 | Reached XP level 15. HP: 92/117 MP: 15/17
 29859 | Shoals:2 | Reached skill level 20 in Unarmed Combat
 32906 | D:13     | Noticed Rupert
 32917 | D:13     | Paralysed by Rupert for 5 turns
 32925 | D:13     | Paralysed by Rupert for 4 turns
 32955 | D:13     | Killed Rupert
 33306 | D:14     | Found Semeusse's Magic Scroll Emporium.
 33310 | D:14     | Bought a scroll of blinking for 135 gold pieces
 33310 | D:14     | Bought a scroll of identify for 36 gold pieces
 33423 | D:14     | Found a hide-covered altar of Uskayaw.
 33960 | D:14     | Noticed Kirke
 33992 | D:14     | Killed Kirke
 34155 | D:14     | Found a gate to the Vaults.
 34370 | D:15     | Entered Level 15 of the Dungeon
 34452 | D:15     | Lost mutation: Your flesh is heat resistant. (rF+) [potion
                  | of mutation]
 34452 | D:15     | Lost mutation: Your body sometimes deteriorates upon taking
                  | damage. [potion of mutation]
 34452 | D:15     | Lost mutation: Your flesh is cold resistant. (rC+) [potion
                  | of mutation]
 34452 | D:15     | Gained mutation: Your flesh is heat resistant. (rF+)
                  | [potion of mutation]
 34452 | D:15     | Lost mutation: Your spells are a little easier to cast, but
                  | a little less powerful. [potion of mutation]
 34452 | D:15     | Gained mutation: Your flesh is very heat resistant. (rF++)
                  | [potion of mutation]
 34703 | D:15     | Reached skill level 21 in Unarmed Combat
 34880 | D:15     | Noticed a fire giant
 34883 | D:15     | Found a staircase to the Depths.
 34888 | D:15     | Killed a fire giant
 35074 | D:15     | Found Gazat's Antique Weapon Shoppe.
 36525 | Orc:2    | Found a staircase to the Elven Halls.
 36623 | Orc:2    | Paralysed by an orc sorcerer for 2 turns
 36792 | Orc:2    | Found Cizong's Antique Armour Shop.
 36792 | Orc:2    | Found Baliosol's General Store.
 36797 | Orc:2    | Found Obrukoen's Jewellery Boutique.
 36804 | Orc:2    | Paralysed by an orc sorcerer for 3 turns
 36814 | Orc:2    | Found Suhut's Distillery.
 36818 | Orc:2    | Bought a scroll of summoning for 171 gold pieces
 36820 | Orc:2    | Bought 2 potions of invisibility for 192 gold pieces
 36820 | Orc:2    | Bought a potion of haste for 120 gold pieces
 36820 | Orc:2    | Bought a potion of haste for 120 gold pieces
 36820 | Orc:2    | Bought a potion of curing for 36 gold pieces
 36820 | Orc:2    | Bought a potion of curing for 36 gold pieces
 36820 | Orc:2    | Bought a potion of curing for 36 gold pieces
 36820 | Orc:2    | Bought a potion of curing for 36 gold pieces
 36820 | Orc:2    | Bought a potion of curing for 36 gold pieces
 37028 | Orc:2    | Reached XP level 16. HP: 93/122 MP: 16/18
 37349 | Elf:1    | Entered Level 1 of the Elven Halls
 37669 | Elf:1    | Got the Guide on Iniquitous Secrets
 37960 | Elf:1    | Identified the +6 quarterstaff "Tormentor" {drain, rPois
                  | rCorr}
 38913 | Elf:2    | Reached skill level 22 in Unarmed Combat
 38966 | Elf:2    | Found a runed translucent gate.
 38967 | Elf:2    | Found a runed translucent gate.
 38967 | Elf:2    | Found a runed translucent gate.
 39559 | Elf:2    | Noticed a deep elf blademaster
 39613 | Elf:2    | Killed a deep elf blademaster
 41065 | Orc:1    | Found a transporter.
 41067 | Orc:1    | Found a transporter.
 41743 | Depths:1 | Entered Level 1 of the Depths
 41861 | Depths:1 | Reached XP level 17. HP: 121/134 MP: 20/20
 42047 | Depths:1 | Identified the +0 robe of Inaction {rElec Str+2 Int+3}
 42179 | Depths:1 | Found a runed translucent gate.
 42179 | Depths:1 | Found a runed translucent gate.
 42179 | Depths:1 | Found a runed translucent gate.
 42180 | Depths:1 | Noticed Luocamn's ghost (adept TrMo)
 42181 | Depths:1 | Noticed Vulomepn's ghost (adept HOBe)
 42216 | Depths:1 | Found Ocaib's Jewellery Shop.
 42216 | Depths:1 | Found Bashydd's Book Emporium.
 42217 | Depths:1 | Found Ubbyofim's Book Emporium.
 42297 | Depths:1 | Found a gateway to Hell.
 42603 | Depths:2 | Found a one-way gate leading to the halls of Pandemonium.
 43044 | Depths:2 | Found Aradd's General Store.
 43051 | Depths:2 | Found Pyffaesk's General Store.
 43052 | Depths:2 | Found Dayrac's Distillery.
 43063 | Depths:2 | Bought a scroll of enchant armour for 150 gold pieces
 43065 | Depths:2 | Bought a potion of invisibility for 128 gold pieces
 43065 | Depths:2 | Bought a scroll of enchant armour for 120 gold pieces
 43065 | Depths:2 | Bought a scroll of enchant armour for 120 gold pieces
 43084 | Depths:2 | Reached skill level 5 in Invocations
 43208 | Depths:2 | Bought a potion of might for 92 gold pieces
 43208 | Depths:2 | Bought a potion of berserk rage for 115 gold pieces
 43208 | Depths:2 | Bought a potion of resistance for 230 gold pieces
 43442 | Depths:2 | Found a hazy altar of Hepliaklqana.
 43462 | Depths:2 | Found a one-way gateway to a ziggurat.
 43605 | Depths:2 | You are sucked into a shaft and drop 2 floors!
 43605 | Depths:4 | Entered Level 4 of the Depths
 43605 | Depths:4 | Noticed a tentacled monstrosity
 43662 | Depths:4 | Reached skill level 23 in Unarmed Combat
 43889 | Depths:4 | Reached skill level 1 in Evocations
 43895 | Depths:3 | Noticed a walking frostbound tome
 43927 | Depths:3 | Killed a walking frostbound tome
 43928 | Depths:3 | Reached skill level 1 in Stealth
 43941 | Depths:3 | Reached skill level 15 in Shields
 44254 | Depths:2 | HP: 6/126 [tengu reaver/bolt of cold (23)]
 48879 | Shoals:4 | Entered Level 4 of the Shoals
 49941 | Depths:3 | Reached XP level 18. HP: 125/141 MP: 22/22
 50170 | Depths:3 | Noticed a lich
 50348 | Depths:3 | Found a one-way gate to the infinite horrors of the Abyss.
 50396 | Depths:3 | Reached skill level 24 in Unarmed Combat
 50927 | Depths:3 | Killed a lich
 51172 | Depths:4 | Paralysed by a floating eye for 3 turns
 51175 | Depths:4 | HP: 5/140 [smoke demon (4)]
 51178 | Depths:4 | Slain by an iron troll

Illustrated notes

Levels and vault maps discovered:
D:1:      minmay_arrival_doors, layout_basic
D:2:      layout_rooms, serial_shops, shop, roderic_lattice_a
D:3:      layout_basic, gammafunk_temple_overflow_statue,
          mainiacjoe_overflow_large_starburst,
          dreamdust_ecumenical_altar_drowned_temple, uniq_crazy_yiuf_cottage,
          uniq_grinder, uniq_natasha
D:4:      layout_gridville, makhleb_altar_promises_db, zin_purify, serial_shops,
          nicolae_shop_stone, uniq_pargi, uniq_blork_the_orc
D:5:      layout_basic, uniq_pikel
D:6:      layout_loops_corners, minmay_temple_entry_offerings,
          gammafunk_ghost_stat_death
D:7:      layout_loops_cross, okawaru_gym_becter, minmay_unpleasant_kobolds,
          uniq_maggie, uniq_joseph, uniq_menkaure
D:8:      minmay_slanted_spiral_squares, layout_loops_ring,
          nicolae_sif_muna_little_library, lair_entry_dummy
D:9:      layout_rooms, marbit_many_paths, gammafunk_ghost_necromancy,
          minivault_8
D:10:     layout_roguey
D:11:     layout_basic, erik_orc_3
D:12:     layout_gridville, uniq_sonja
D:13:     layout_long_grid, gauntlet_entry_generic, drop_trap,
          nicolae_underground_beach, uniq_rupert, uniq_urug
D:14:     layout_loops_ring, grunt_vaults_entry_fortified, serial_shops,
          nicolae_shop_hallway_stairs, nicolae_uskayaw_en_pointe,
          hangedman_decor_slide_cut, uniq_kirke
D:15:     grunt_enter_depths_giant_problem, layout_basic, serial_shops, shop,
          eino_curves_01
Temple:   nicolae_temple_ecumenical_triangle
Lair:1:   layout_big_grid, wad_woods_06, chequers_serial_rivers_small_b,
          nicolae_quartered_pool_medium, serial_bayou_shore_a
Lair:2:   layout_chaotic_city, minmay_shoals_entry_lonely_mermaid,
          guppyfry_snake_entry_garden, wad_woods_river_04, minivault_19
Lair:3:   layout_gridlike, hangedman_lair_unloving_vines,
          infiniplex_staircase_pool_2
Lair:4:   layout_cave_pods, lemuel_centaur_altar, serial_bayou_shore_b,
          infiniplex_staircase_pool
Lair:5:   cheibrodos_lair_end_hotspot, layout_regular_city, slime_entry_1,
          ldierk_geyser, serial_bayou_pond_d, lemuel_fruit_tree
Shoals:1: layout_shoals, nicolae_shoals_drake_roost
Shoals:2: layout_shoals
Shoals:3: layout_shoals
Shoals:4: shoals_end_simple, layout_shoals, shoals_ilsuiw_alternative,
          uniq_polyphemus
Orc:1:    gammafunk_beogh_shrine, layout_caves, portal_ice_cave_demonic_guard
Orc:2:    st_orc_mages, layout_caves, nicolae_volcano_entry_hallway,
          lemuel_statue_altar
Elf:1:    layout_loops_cross, minmay_elf_necromancy
Elf:2:    nicolae_elf_blades_crystal_corner, layout_loops_cross
Depths:1: layout_cave_pools, gammafunk_ghost_cemetery, minmay_misc_feat_rugged,
          hangedman_geh_valley, minmay_microvault, firewood_loft,
          minmay_shop_grove
Depths:2: kennysheep_blocky_hall, layout_basic, enter_ziggurat_b,
          nicolae_hepliaklqana_hazy_memory, rand_demon_pan_entry_5,
          pf_hell_entry_tar_spiral, minmay_shop_star,
          minmay_staircase_windowed_small
Depths:3: minmay_bubble_buster, layout_gridlike, nicolae_two_hexagons,
          hell_entry, abyss_entry, infiniplex_staircase_spiral,
          serial_bayou_shore_b
Depths:4: evilmike_zot_entry_basic, layout_cross, nrook_pool_corridor,
          hellmouth_3, grunt_pan_entry_zigzag

Skill      XL: |  1  2  3  4  5  6  7  8  9 10 11 12 13 14 15 16 17 18 |
---------------+-------------------------------------------------------+-----
Dodging        | 3 4 5 6 7 8 10 11 12 13 14 | 14.4
Unarmed Combat | 4 5 7 9 11 13 14 16 18 19 21 22 23 24 | 24.1
Shields        | 4 5 7 8 9 10 11 12 13 14 15 | 15.8
Fighting       | 4 5 6 7 8 |  8.0
Invocations    | 1 2 3 4 6 |  6.0
Evocations     | 1 |  1.2
Stealth        | 1 |  1.0

Action                   |  1- 3 |  4- 6 |  7- 9 | 10-12 | 13-15 | 16-18 || total
-------------------------+-------+-------+-------+-------+-------+-------++-------
Melee: Unarmed           |   107 |    79 |   393 |   691 |  1526 |  1149 ||  3945
       Tailslap          |    14 |    14 |    58 |   125 |   281 |   226 ||   718
Invok: Wall of Briars    |       |       |       |    14 |    51 |    52 ||   117
       Grow Ballistomyce |       |       |       |       |       |     7 ||     7
       Overgrow          |       |       |       |       |       |     1 ||     1
 Abil: Breathe Lightning |       |       |     4 |     3 |       |     1 ||     8
  Use: Scroll            |    11 |     2 |    11 |    10 |     7 |    13 ||    54
       Potion            |     3 |     2 |     1 |    10 |    16 |    18 ||    50
 Stab: Sleeping          |     1 |       |     1 |     1 |     1 |       ||     4
       Distracted        |       |       |       |       |     4 |     2 ||     6
       Invisible         |       |       |       |       |     3 |     7 ||    10
       Confused          |       |       |       |       |       |     4 ||     4
Armor: Skin              |    20 |    15 |   106 |   173 |   406 |   213 ||   933
Dodge: Dodged            |    37 |    24 |   109 |   308 |   696 |   447 ||  1621
Block: Kite shield       |    22 |    34 |   128 |   353 |   920 |   704 ||  2161
       Buckler           |     1 |       |       |       |       |       ||     1
